 Dungeon Crawl Stone Soup version 0.15.2 (webtiles) character file.

14145 CrazyArbalest the Quickloader (level 11, -1/94 HPs)
             Began as a Minotaur Hunter on Jan 8, 2023.
             Was an Elder of Okawaru.
             Slain by an ice devil (26 damage)
             ... in an ice cave.
             The game lasted 02:13:34 (16678 turns).

CrazyArbalest the Quickloader (Minotaur Hunter)    Turns: 16678, Time: 02:13:35

HP  -1/94        AC 16     Str 16      XL: 11   Next: 84%
MP   3/5         EV 21     Int  9      God: Okawaru [****..]
Gold 164         SH  0     Dex 15      Spells:  0 memorised, 10 levels left

rFire  . . .     SeeInvis .     a - +0 falchion (holy)
rCold  . . .     Clarity  .     z - +2 troll leather armour
rNeg   . . .     rCorr    .     (no shield)
rPois  .         rRot     .     m - +2 hat
rElec  .         Spirit   .     F - +0 cloak
SustAb .         Warding  .     e - +0 pair of gloves
rMut   +         Stasis   .     D - +1 pair of boots {Stlth+}
Gourm  .                        T - amulet of resist mutation
MR     .....                    y - +3 ring of slaying
                                x - +1 ring of intelligence

@: about to teleport, heroism, not resistant to hostile enchantments, stealthy
A: retaliatory headbutt, horns 2
a: Heroism, Renounce Religion


You were in an ice cave.
You worshipped Okawaru.
Okawaru was greatly pleased with you.
You were not hungry.

You visited 3 branches of the dungeon, and saw 12 of its levels.
You also visited: Ossuary and Ice Cave.

You collected 790 gold pieces.
You spent 626 gold pieces at shops.

Inventory:

Hand weapons
 a - a +0 falchion of holy wrath (weapon)
 b - a +1 hand crossbow
 c - a +2 long sword of freezing
 h - a +0 flail of holy wrath
 s - a +2 dagger of electrocution
 t - a +1 claymore of freezing
 u - a +1 demon trident of freezing
Missiles
 j - 13 bolts of penetration
 r - 11 poisoned bolts
 A - a steel bolt
 E - 10 bolts of frost
 M - 33 bolts
Armour
 e - a +0 pair of gloves (worn)
 m - a +2 hat (worn)
 o - a +3 leather armour of cold resistance
 z - a +2 troll leather armour (worn)
 D - a +1 pair of boots of stealth (worn)
 F - a +0 cloak (worn)
 Q - a +0 ring mail of fire resistance
Comestibles
 f - 10 bread rations
 k - a meat ration
 J - 10 fruits
Scrolls
 g - 2 scrolls of remove curse
 p - 2 scrolls of teleportation
 P - 3 scrolls of blinking
Jewellery
 x - a +1 ring of intelligence (left hand)
 y - a +3 ring of slaying (right hand)
 T - an amulet of resist mutation (around neck)
Potions
 d - a potion of mutation {unknown}
 i - a potion of degeneration {unknown}
 l - 18 potions of curing
 n - 4 potions of haste
 q - 6 potions of heal wounds


   Skills:
 + Level 8.0(13.0) Fighting
 - Level 0.2(7.7) Short Blades
 + Level 4.9(9.9) Long Blades
 * Level 14.1(19.1) Crossbows
 + Level 8.0(13.0) Armour
 + Level 10.3(15.3) Dodging
 + Level 3.4(8.4) Stealth
 + Level 0.6 Invocations
   Level 0.2 Evocations


You had 10 spell levels left.
You didn't know any spells.

Dungeon Overview and Level Annotations

Branches:
Dungeon (10/15)            Temple (1/1) D:4             Orc (1/4) D:10
   Lair (0/8) D:9

Altars:
Ashenzari
Cheibriados
Dithmenos
Elyvilon
Fedhas
Kikubaaqudgha
Makhleb
Nemelex Xobeh
Okawaru
Qazlal
Sif Muna
Trog
Vehumet
Xom
Yredelemnul
Zin
The Shining One

Shops:
D:6 *:=*   D:9 (


Innate Abilities, Weirdness & Mutations

You reflexively headbutt those who attack you in melee.
You have a pair of horns on your head.


Message History

The ice devil is moderately wounded.
The ice devil hits you but does no damage.
Unknown command.
Unknown command.
You closely miss the ice devil.
The ice devil is moderately wounded.
The ice devil misses you.
You hit the ice devil.
The ice devil convulses.
The ice devil is moderately wounded.
The ice devil hits you but does no damage.
You hit the ice devil but do no damage.
You headbutt the ice devil, but do no damage.
The ice devil is moderately wounded.
The ice devil hits you! The ice devil freezes you!!
Read which item? (? for menu, Esc to quit)
As you read the scroll of teleportation, it crumbles to dust.
You feel strangely unstable. The ice devil hits you!
* * * LOW HITPOINT WARNING * * *
The ice devil freezes you!!
You die...

###### ###....###
##........###
##....###....##
#...###.###..@###
#...##....####3.##
######..##.....##..(#
#.#............###.(#
.........##...##...##
....###########...##
.#### ###...## ##
######.3.###
####.......##


You could see an ice devil.

Vanquished Creatures
  2 death yaks (D:9)
  Erolcha (D:9)
  An unseen horror (D:10)
  2 ice statues (IceCv)
  Pikel (D:6)
  6 blue devils (IceCv)
  2 trolls (D:9)
  Prince Ribbit (D:7)
  4 water elementals (D:10)
  10 yaks
  A hungry ghost (D:9)
  Eustachio (D:9)
  A spriggan (D:7)
  2 hippogriffs
  Grum (D:8)
  3 wolves (D:8)
  3 orc warriors
  6 ice beasts
  2 centaurs
  2 black bears
  A phantom (D:4)
  2 yellow wasps (D:9)
  5 sky beasts
  4 ogres
  Sigmund (D:6)
  A crocodile (D:9)
  2 big kobolds
  3 giant frogs
  3 jellies
  8 scorpions
  2 electric eels
  A quasit (D:5)
  A goliath beetle (D:7)
  16 wights
  6 orc wizards
  4 crimson imps
  A hound (D:7)
  12 orc priests
  10 worker ants
  3 iguanas
  An orange rat (D:9)
  2 ogre zombies
  A big kobold zombie (Ossuary)
  A hound zombie (D:5)
  Terence (D:2)
  A worker ant zombie (D:10)
  A gnoll (D:6)
  8 mummies (Ossuary)
  16 adders
  A green rat (D:9)
  2 scorpion zombies
  An orc skeleton (D:6)
  5 white imps (IceCv)
  An inept item mimic (D:4)
  2 shadow imps
  10 worms
  6 giant mites
  7 ufetubi
  An adder skeleton (D:8)
  8 giant geckos
  51 orcs
  A bat skeleton (D:5)
  A bat zombie (D:6)
  6 giant cockroaches
  2 gnoll zombies (Ossuary)
  18 goblins
  21 hobgoblins
  13 jackals
  19 kobolds
  6 quokkas
  29 bats
  2 giant gecko skeletons
  2 giant gecko zombies (D:5)
  8 giant newts
  A hobgoblin skeleton (D:7)
  A hobgoblin zombie (Ossuary)
  5 orc zombies
  12 rats
  A rat skeleton (D:8)
  A rat zombie (D:5)
  A ballistomycete (D:10)
  3 fungi (D:9)
418 creatures vanquished.

Vanquished Creatures (others)
  A centaur (D:6)
  2 white imps (IceCv)
  4 ufetubi (IceCv)
  A giant gecko (D:6)
  A giant spore (D:10)
9 creatures vanquished.

Grand Total: 427 creatures vanquished

Notes
Turn   | Place    | Note
--------------------------------------------------------------
     0 | D:1      | CrazyArbalest, the Minotaur Hunter, began the quest for the Orb.
     0 | D:1      | Reached XP level 1. HP: 16/16 MP: 1/1
   171 | D:1      | Reached XP level 2. HP: 18/23 MP: 1/1
   382 | D:1      | Reached skill level 5 in Crossbows
   957 | D:2      | Noticed Terence
   963 | D:2      | Killed Terence
   963 | D:2      | Reached XP level 3. HP: 28/28 MP: 2/2
  1110 | D:2      | Reached skill level 1 in Stealth
  1226 | D:2      | Reached XP level 4. HP: 17/35 MP: 2/2
  1466 | D:2      | Reached skill level 1 in Armour
  1514 | D:2      | Found a shattered altar of Ashenzari.
  2667 | D:3      | Reached XP level 5. HP: 26/41 MP: 2/2
  3070 | D:3      | Reached skill level 6 in Crossbows
  3799 | D:4      | Noticed a phantom
  4180 | D:4      | Killed a phantom
  4180 | D:4      | Reached XP level 6. HP: 18/51 MP: 3/3
  4483 | D:4      | Reached skill level 1 in Long Blades
  4732 | D:4      | Found a white marble altar of Elyvilon.
  4867 | D:4      | Found a staircase to the Ecumenical Temple.
  4879 | Temple   | Entered the Ecumenical Temple
  4962 | Temple   | Became a worshipper of Warmaster Okawaru
  5394 | D:5      | Entered Level 5 of the Dungeon
  5430 | D:5      | Reached XP level 7. HP: 55/57 MP: 3/3
  5591 | D:5      | Found a sand-covered staircase.
  5599 | Ossuary  | Entered an ossuary
  5736 | Ossuary  | Reached skill level 5 in Dodging
  5758 | Ossuary  | Acquired Okawaru's first power
  5758 | Ossuary  | Reached skill level 7 in Crossbows
  6866 | D:5      | Found a deep blue altar of Sif Muna.
  7078 | D:6      | Found a radiant altar of Vehumet.
  7389 | D:6      | Reached XP level 8. HP: 54/66 MP: 3/3
  7508 | D:6      | Found Lonihukuobb's Assorted Antiques.
  7512 | D:6      | Reached skill level 8 in Crossbows
  7560 | D:6      | Noticed Pikel
  7657 | D:6      | Killed Pikel
  7657 | D:6      | Reached skill level 5 in Armour
  7749 | D:6      | Noticed Sigmund
  7755 | D:6      | Killed Sigmund
  7755 | D:6      | Reached skill level 5 in Fighting
  7768 | D:6      | Bought a cyan potion for 22 gold pieces
  7768 | D:6      | Bought a slimy white potion for 22 gold pieces
  7768 | D:6      | Bought a viscous brown potion for 22 gold pieces
  7768 | D:6      | Bought a scroll labeled QEKHLA GAOREVEO for 25 gold pieces
  7769 | D:6      | Bought a glowing golden amulet for 125 gold pieces
  7931 | D:6      | Found Pnauw's Book Emporium.
  8045 | D:6      | Found Erax's Jewellery Shoppe.
  8117 | D:6      | Bought a cursed amulet of inaccuracy for 26 gold pieces
  8238 | D:6      | Found Mnaysal's Assorted Antiques.
  8242 | D:6      | Bought a scroll labeled TYS MANGUUMO for 26 gold pieces
  8242 | D:6      | Bought a scroll labeled TYS MANGUUMO for 26 gold pieces
  8242 | D:6      | Bought a scroll labeled ZAOL UCRUISH for 26 gold pieces
  8242 | D:6      | Bought a lumpy inky potion for 23 gold pieces
  8242 | D:6      | Bought a lumpy blue potion for 23 gold pieces
  8242 | D:6      | Bought a copper ring for 130 gold pieces
  8257 | D:6      | Reached XP level 9. HP: 74/74 MP: 4/4
  8610 | D:7      | Noticed Prince Ribbit
  8944 | D:7      | Reached skill level 9 in Crossbows
  9718 | D:7      | Killed Prince Ribbit
  9900 | D:8      | Noticed Grum
 10331 | D:8      | Found a shadowy altar of Dithmenos.
 10355 | D:8      | Reached skill level 10 in Crossbows
 10443 | D:8      | Reached XP level 10. HP: 34/84 MP: 4/4
 10445 | D:8      | Reached skill level 11 in Crossbows
 11215 | D:9      | Found a blossoming altar of Fedhas.
 11326 | D:9      | Noticed Erolcha
 11431 | D:9      | Paralysed by Erolcha for 3 turns
 11438 | D:9      | Killed Erolcha
 11450 | D:9      | Noticed Eustachio
 11481 | D:9      | Killed Eustachio
 11640 | D:9      | Reached skill level 12 in Crossbows
 11646 | D:9      | Received a gift from Okawaru
 11732 | D:9      | Noticed a moth of wrath
 11733 | D:9      | Found a bloodstained altar of Trog.
 11982 | D:9      | Found a staircase to the Lair.
 12180 | D:9      | Received a gift from Okawaru
 12318 | D:9      | Found Oreck's Weapon Shoppe.
 12425 | D:9      | Acquired Okawaru's second power
 12522 | D:9      | Received a gift from Okawaru
 12775 | D:9      | Noticed a death yak
 12776 | D:9      | Noticed a death yak
 12825 | D:9      | Killed a death yak
 12825 | D:9      | Reached XP level 11. HP: 89/92 MP: 4/4
 12841 | D:9      | Received a gift from Okawaru
 12905 | D:9      | Killed a death yak
 13011 | D:9      | Reached skill level 13 in Crossbows
 13200 | D:6      | Bought a scroll of remove curse for 78 gold pieces
 13200 | D:6      | Bought a scroll of identify for 52 gold pieces
 14435 | D:8      | Found a shadowy altar of Dithmenos.
 14483 | D:8      | Killed Grum
 14623 | D:10     | Entered Level 10 of the Dungeon
 15093 | D:10     | Found a staircase to the Orcish Mines.
 15201 | D:10     | Killed an unseen horror
 15670 | Orc:1    | Entered Level 1 of the Orcish Mines
 15739 | Orc:1    | Found a frozen archway.
 15833 | IceCv    | Entered an ice cave
 15982 | IceCv    | Noticed an ice statue
 15982 | IceCv    | Noticed an ice statue
 16158 | IceCv    | Killed an ice statue
 16158 | IceCv    | Reached skill level 10 in Dodging
 16335 | IceCv    | Killed an ice statue
 16470 | IceCv    | Reached skill level 14 in Crossbows
 16574 | IceCv    | Noticed an ice devil
 16678 | IceCv    | Slain by an ice devil

Action                   |  1- 3 |  4- 6 |  7- 9 | 10-12 || total
-------------------------+-------+-------+-------+-------++-------
Melee: Short sword       |    72 |    31 |       |       ||   103
       Club              |       |    42 |       |       ||    42
       Falchion          |       |   132 |       |   367 ||   499
       Morningstar       |       |     3 |    20 |       ||    23
       Flail             |       |       |   230 |    29 ||   259
       Long sword        |       |       |       |    77 ||    77
 Fire: Hand crossbow     |     9 |    11 |   151 |   207 ||   378
Invok: Heroism           |       |       |       |     9 ||     9
Evoke: Wand              |       |       |     2 |       ||     2
  Use: Scroll            |       |     6 |     3 |    16 ||    25
 Stab: Sleeping          |     1 |       |       |     7 ||     8
       Distracted        |       |       |       |     2 ||     2
  Eat: Chunk             |     1 |    13 |    15 |    20 ||    49
       Pizza             |       |       |     1 |       ||     1
       Fruit             |       |       |       |     3 ||     3
